 Dungeon Crawl Stone Soup version 0.31.0-12-g77e489cdc1 (webtiles) character file.

Game seed: 5678738162823476001

12 spaghetti the Cutter (level 2, 0/18 HPs)
             Began as a Deep Elf Chaos Knight on Feb 16, 2024.
             Was a Plaything of Xom.
             Succumbed to an adder's poison
             ... on level 2 of the Dungeon.
             The game lasted 00:00:43 (394 turns).

spaghetti the Cutter (Deep Elf Chaos Knight)         Turns: 394, Time: 00:00:44

Health: 0/18       AC:  5    Str:  9    XL:     2   Next: 20%
Magic:  4/4        EV: 12    Int: 16    God:    Xom [..*...]
Gold:   22         SH:  0    Dex: 14    Spells: 1/1 levels left

rFire   . . .        a - +0 short sword (chaos)
rCold   . . .        (no shield)
rNeg    . . .        b - +2 leather armour
rPois   .            (no helmet)
rElec   .            (no cloak)
rCorr   .            (no gloves)
SInv    .            (no boots)
Will    .....        (no amulet)
Stlth   ++           (no ring)
HPRegen 0.23/turn    (no ring)
MPRegen 0.09/turn

%: no passive effects
@: mighty, lethally poisoned (0 -> -3)
A: no striking features
a: Renounce Religion


You were on level 2 of the Dungeon.
You worshipped Xom.
You were a toy of Xom.
You visited 1 branch of the dungeon, and saw 2 of its levels.

You collected 22 gold pieces.

Inventory:

Hand Weapons
 a - a +0 short sword of chaos (weapon)
Armour
 b - a +2 leather armour (worn)
Scrolls
 c - a scroll of butterflies
 e - a scroll of vulnerability {unknown}


   Skills:
 - Level 2.4 Fighting
 - Level 3.0 Short Blades
 - Level 0.7 Armour
 - Level 2.4 Dodging
 + Level 2.6 Stealth


You had one spell level left.
You didn't know any spells.
Your spell library was empty.

Dungeon Overview and Level Annotations

Branches:
Dungeon (2/15)

Altars:


Message History

You are too injured to fight recklessly!
You are too injured to fight recklessly!
You are too injured to fight recklessly!
You are too injured to fight recklessly!
Unknown command.
You hit the adder but do no damage.
The adder suddenly seems more resistant.
Xom is amused.
The adder is severely wounded.
You feel very sick. The bat hits you but does no damage.
The adder closely misses you. The endoplasm hits you.
Unknown command.
You completely miss the adder.
The adder is severely wounded.
You feel sick. The adder bites you but does no damage.
The endoplasm freezes you.
You are frozen.
* * * LOW HITPOINT WARNING * * *
Unknown command.
Unknown command.
Okay, then.
Okay, then.
* * * LOW HITPOINT WARNING * * *
You feel sick. The adder attacks as it pursues you!
The adder closely misses you. The bat closely misses you.
The adder closely misses you.
* * * LOW HITPOINT WARNING * * *
You feel sick.
Unknown command.
You feel very mighty all of a sudden.
* * * LOW HITPOINT WARNING * * *
You feel sick. The bat hits you but does no damage.
The endoplasm hits you but does no damage.
Unknown command.
Unknown command.
You hit the endoplasm.
You kill the endoplasm!
You die...
Xom titters!

.## . # ##.. .. #. ...
#..#.# .. ## ......##.#
. #. #........####.. #.
#.# #......... ##. ##.#
##.......# # ..###..#
##@........
#..###.....###...b.....#
#......................
#......#..#.......#
#<##...#.##.)..|..#
####.....##########
#...### #...# #...#


You could see a bat.

Vanquished Creatures
  A dart slug (D:2)
  A bat (D:1)
  2 endoplasms
  A goblin (D:2)
  2 quokkas (D:1)
  2 ball pythons (D:1)
  A frilled lizard (D:1)
  A rat (D:1)
11 creatures vanquished.

Notes
Turn   | Place    | Note
-------+----------+-------------------------------------------
     0 | D:1      | spaghetti the Deep Elf Chaos Knight began the quest for the
                  | Orb.
     0 | D:1      | Reached XP level 1. HP: 13/13 MP: 3/3
    41 | D:1      | Reached skill level 1 in Stealth
    62 | D:1      | XOM: butterfly on damage
   245 | D:1      | XOM: divination: magic mapping
   246 | D:1      | XOM: butterfly on damage
   293 | D:1      | Reached XP level 2. HP: 18/18 MP: 4/4
   314 | D:2      | XOM: butterfly on damage
   319 | D:2      | XOM: butterfly on damage
   394 | D:2      | Succumbed to an adder's poison

Illustrated notes

Levels and vault maps discovered:
D:1:      erik_arrival_cave_to_civilisation [erik_arrival_cave_to_hall],
          layout_rooms, minmay_statues_item, grunt_decor_cap,
          nicolae_grassy_gnolls
D:2:      cheibrodos_old_hovel, layout_rooms, uniq_jessica,
          uniq_crazy_yiuf_cottage

Skill      XL: |  1 |
---------------+----+-----
Stealth        | 2 |  2.6
Fighting       | |  2.4
Short Blades   | |  3.0
Armour         | |  0.7
Dodging        | |  2.4

Action                     || total
---------------------------++-------
  Melee: Short sword       ||    42
    Use: Scroll            ||     1
         Potion            ||     1
 Armour: Leather armour    ||    27
  Dodge: Dodged            ||    18
